 Dungeon Crawl Stone Soup version 0.28.0-47-ge53b351184 (webtiles) character file.

Game seed: 9590203992521535968

173 Ablot the Cutter (level 5, -7/47 HPs)
             Began as a Gnoll Chaos Knight on Apr 28, 2022.
             Was a Plaything of Xom.
             Mangled by an iguana (11 damage)
             ... on level 3 of the Dungeon.
             The game lasted 00:03:03 (2711 turns).

Ablot the Cutter (Gnoll Chaos Knight)               Turns: 2711, Time: 00:03:03

Health: -7/47      AC:  5    Str: 13    XL:     5   Next: 53%
Magic:  7/7        EV: 12    Int: 12    God:    Xom [..*...]
Gold:   96         SH:  0    Dex: 11    Spells: 7/7 levels left

rFire   . . .      SeeInvis .   a - +0 short sword (chaos)
rCold   . . .      Faith    .   (no shield)
rNeg    . . .      Spirit   .   b - +2 leather armour
rPois   .          Reflect  .   (no helmet)
rElec   .          Harm     .   (no cloak)
rCorr   .          Rampage  .   (no gloves)
Will    .....                   (no boots)
Stlth   +.........              (no amulet)
HPRegen 0.15/turn               (no ring)
MPRegen 0.10/turn               (no ring)

@: no status effects
A: fangs 1, strong nose, distributed training
a: Renounce Religion


You were on level 3 of the Dungeon.
You worshipped Xom.
You were a toy of Xom.
You visited 1 branch of the dungeon, and saw 3 of its levels.

You collected 96 gold pieces.

Inventory:

Hand Weapons
 a - a +0 short sword of chaos (weapon)
Missiles
 e - 33 sling bullets
 f - 83 stones (quivered)
Armour
 b - a +2 leather armour (worn)
Scrolls
 g - a scroll of identify {unknown}
 h - a scroll of fear {unknown}
 i - 4 scrolls of teleportation {unknown}
Potions
 c - a potion of flight {unknown}
 d - a potion of curing {unknown}
 j - a potion of degeneration {unknown}
 k - a potion of heal wounds {unknown}
 l - a potion of attraction {unknown}


   Skills:
 + Level 6.7 Fighting
 + Level 6.7 Short Blades
 + Level 1.5 Long Blades
 + Level 1.5 Axes
 + Level 1.5 Maces & Flails
 + Level 1.5 Polearms
 + Level 1.5 Staves
 + Level 1.5 Slings
 + Level 1.5 Bows
 + Level 1.5 Crossbows
 + Level 1.5 Throwing
 + Level 4.8 Armour
 + Level 3.0 Dodging
 + Level 1.5 Stealth
 + Level 1.5 Shields
 + Level 1.5 Unarmed Combat
 + Level 1.5 Spellcasting
 + Level 1.2 Conjurations
 + Level 1.2 Hexes
 + Level 1.2 Summonings
 + Level 1.2 Necromancy
 + Level 1.2 Translocations
 + Level 1.2 Transmutations
 + Level 1.2 Fire Magic
 + Level 1.2 Ice Magic
 + Level 1.2 Air Magic
 + Level 1.2 Earth Magic
 + Level 1.2 Poison Magic
 + Level 1.7 Invocations
 + Level 1.5 Evocations


You had 7 spell levels left.
You didn't know any spells.
Your spell library contained the following spells:

 Spells                   Type           Power      Damage    Failure   Level
 Beastly Appendage        Tmut           6%         N/A       22%         1


Dungeon Overview and Level Annotations

Branches:
Dungeon (3/15)

Altars:
Fedhas


Innate Abilities, Weirdness & Mutations

You have very sharp teeth.
Your uncanny sense of smell can sniff out nearby items.
Your experience applies equally to all skills.


Message History

You barely miss the gnoll.
The gnoll is heavily wounded.
The gnoll hits you with a +0 club.
You hit the gnoll. You drain the gnoll.
You kill the gnoll!
No target in view!
No target in view!
No target in view!
You see here a +0 club. "Let's try an experiment, hmmm?"
You do an impromptu tapdance.
An iguana comes into view.
You aren't carrying any pieces of jewellery.
The iguana hisses angrily.
You closely miss the iguana. The iguana barely misses you.
You hit the iguana.
The iguana seems to speed up.
The iguana is lightly wounded.
The iguana closely misses you.
You hit the iguana but do no damage.
The iguana is lightly wounded.
The iguana bites you.
You hit the iguana but do no damage.
The iguana flickers and vanishes!
Deactivating autopickup; reactivate with Ctrl-A.
Something bites you but does no damage.
No target in view!
No target in view!
No target in view!
No target in view!
No target in view!
You hit something but do no damage. Something bites you!
You hit something but do no damage. Something bites you.
You closely miss something. Something bites you.
Something bites you but does no damage.
You hit something. Something bites you.
You hit something but do no damage. Something bites you!
* * * LOW HITPOINT WARNING * * *
You hit something but do no damage. Something bites you!
* * * LOW HITPOINT WARNING * * *
You hit something. Something bites you!
You die...

∆ #........#
#........# ∆
#.##+##### #.#
.#
#####.##.####
###............
#..........####
#.#.###.#### #
#@...# #{.#.#
...# # ##.##
... ... ...
#...#


There were no monsters in sight!

Vanquished Creatures
  Terence (D:3)
  3 gnolls (D:3)
  6 adders
  2 worms (D:2)
  6 orcs (D:3)
  5 bats
  5 endoplasms
  2 giant cockroaches
  A goblin (D:1)
  6 hobgoblins
  3 quokkas
  3 ball pythons
  4 frilled lizards (D:1)
  3 kobolds
  4 rats
54 creatures vanquished.

Notes
Turn   | Place    | Note
-------+----------+-------------------------------------------
     0 | D:1      | Ablot the Gnoll Chaos Knight began the quest for the Orb.
     0 | D:1      | Reached XP level 1. HP: 23/23 MP: 1/1
   125 | D:1      | Reached XP level 2. HP: 28/29 MP: 2/2
   307 | D:1      | XOM: silly message
   536 | D:2      | Reached XP level 3. HP: 26/35 MP: 3/3
   632 | D:2      | Found a blossoming altar of Fedhas.
   738 | D:2      | XOM: divination: magic mapping
   776 | D:2      | XOM: cloud trail
   833 | D:2      | Reached skill level 1 in Invocations
   881 | D:2      | XOM: divination: detect creatures
   885 | D:2      | Reached skill level 1 in Long Blades
   885 | D:2      | Reached skill level 1 in Axes
   885 | D:2      | Reached skill level 1 in Maces & Flails
   885 | D:2      | Reached skill level 1 in Polearms
   885 | D:2      | Reached skill level 1 in Staves
   885 | D:2      | Reached skill level 1 in Slings
   885 | D:2      | Reached skill level 1 in Bows
   885 | D:2      | Reached skill level 1 in Crossbows
   885 | D:2      | Reached skill level 1 in Throwing
   885 | D:2      | Reached skill level 1 in Stealth
   885 | D:2      | Reached skill level 1 in Shields
   885 | D:2      | Reached skill level 1 in Unarmed Combat
   885 | D:2      | Reached skill level 1 in Spellcasting
   885 | D:2      | Reached skill level 1 in Evocations
   926 | D:2      | XOM: noise
   974 | D:2      | Reached XP level 4. HP: 35/41 MP: 5/5
  1319 | D:2      | XOM: cloud trail
  1534 | D:2      | Found a faded altar of an unknown god.
  1538 | D:2      | Got Plato's Grimoire of Transmutation
  1972 | D:3      | Noticed Terence
  1991 | D:3      | XOM: divination: magic mapping
  1996 | D:3      | Killed Terence
  1997 | D:3      | Reached skill level 1 in Conjurations
  1997 | D:3      | Reached skill level 1 in Hexes
  1997 | D:3      | Reached skill level 1 in Summonings
  1997 | D:3      | Reached skill level 1 in Necromancy
  1997 | D:3      | Reached skill level 1 in Translocations
  1997 | D:3      | Reached skill level 1 in Transmutations
  1997 | D:3      | Reached skill level 1 in Fire Magic
  1997 | D:3      | Reached skill level 1 in Ice Magic
  1997 | D:3      | Reached skill level 1 in Air Magic
  1997 | D:3      | Reached skill level 1 in Earth Magic
  1997 | D:3      | Reached skill level 1 in Poison Magic
  2171 | D:3      | Reached XP level 5. HP: 37/47 MP: 6/6
  2268 | D:3      | XOM: confuse monster(s)
  2319 | D:3      | XOM: noise
  2389 | D:3      | XOM: 3-stop teleportation journey
  2696 | D:3      | XOM: silly message
  2711 | D:3      | Mangled by an iguana

Illustrated notes

Levels and vault maps discovered:
D:1:      amcnicky_arrival_gap_in_the_tavern_cellar, layout_rooms
D:2:      layout_basic, shapermc_ecumenical_altar_rom_forum, basic_altar,
          minmay_misc_feat_enclosed, minivault_11
D:3:      layout_basic, tgw_fedhas, minmay_diced_spiral, uniq_terence

Skill      XL: |  1  2  3  4  5 |
---------------+----------------+-----
Invocations    | 1 |  1.7
Long Blades    | 1 |  1.5
Axes           | 1 |  1.5
Maces & Flails | 1 |  1.5
Polearms       | 1 |  1.5
Staves         | 1 |  1.5
Slings         | 1 |  1.5
Bows           | 1 |  1.5
Crossbows      | 1 |  1.5
Throwing       | 1 |  1.5
Stealth        | 1 |  1.5
Shields        | 1 |  1.5
Unarmed Combat | 1 |  1.5
Spellcasting   | 1 |  1.5
Evocations     | 1 |  1.5
Conjurations   | 1 |  1.2
Hexes          | 1 |  1.2
Summonings     | 1 |  1.2
Necromancy     | 1 |  1.2
Translocations | 1 |  1.2
Transmutations | 1 |  1.2
Fire Magic     | 1 |  1.2
Ice Magic      | 1 |  1.2
Air Magic      | 1 |  1.2
Earth Magic    | 1 |  1.2
Poison Magic   | 1 |  1.2
Dodging        | 3 |  3.0
Fighting       | |  6.7
Short Blades   | |  6.7
Armour         | |  4.8

Action                   |  1- 3 |  4- 6 || total
-------------------------+-------+-------++-------
Melee: Short sword       |    75 |   139 ||   214
       Bite              |     6 |     9 ||    15
       Punch             |       |     1 ||     1
Throw: Stone             |       |     5 ||     5
 Stab: Sleeping          |     2 |     1 ||     3
       Paralysed         |       |     1 ||     1
Armor: Leather armour    |    18 |    23 ||    41
Dodge: Dodged            |    44 |    66 ||   110
